[Event "December 12 Late 2023"]
[Site "https://www.chess.com"]
[Date "2023.12.12"]
[Round "6"]
[White "Yoo, Christopher Woojin"]
[Black "Andreikin, Dmitry"]
[Result "0-1"]
[Board "7"]
[TimeControl "180+1"]
[WhiteFideId "30909694"]
[BlackFideId "4158814"]
[WhiteElo "3011"]
[BlackElo "3102"]
[WhiteTeam "USA"]
[BlackTeam "FID"]
[WhiteClock "0:00:06"]
[BlackClock "0:00:43"]

1. e4 e5 2. Nf3 Nf6 3. Nxe5 d6 4. Nf3 Nxe4 5. d4 d5 6. Bd3 Bd6 7. O-O O-O 8. c4 c6 9. Qc2 h6 10. Re1 Re8 11. Nbd2 Nf6 12. Rxe8+ Qxe8 13. c5 Bc7 14. h3 Nbd7 15. b4 Nf8 16. Bb2 Ne6 17. Re1 Qf8 18. Ne5 Nf4 19. Bf1 a6 20. a4 Be6 21. Bc1 Qc8 22. g4 h5 23. Ndf3 Nxh3+ 24. Bxh3 hxg4 25. Nxg4 Bxg4 26. Bg2 Bf5 27. Qd1 Be4 28. Ne5 Qf5 29. Qe2 Bxg2 30. Kxg2 Re8 31. Qf3 Qc2 32. Bg5 Bxe5 33. Bxf6 Qg6+ 34. Kf1 Qxf6 35. Qxf6 gxf6 36. f4 Kg7 37. fxe5 fxe5 38. dxe5 Kg6 39. Kg2 Re7 40. b5 axb5 41. axb5 Kf5 42. bxc6 bxc6 43. Kf3 Rxe5 44. Ra1 d4 45. Ra7 Rxc5 46. Rxf7+ Ke5 47. Ke2 Rc2+ 48. Kd3 Rc3+ 49. Kd2 c5 50. Rd7 Ke6 51. Rd8 Ke5 52. Rd7 Ke4 53. Re7+ Kd5 54. Ra7 Rh3 55. Ra8 Rh2+ 56. Kd1 c4 57. Re8 c3 58. Kc1 Kc4 59. Rg8 Rh1+ 60. Kc2 d3# 0-1

[Event "December 12 Late 2023"]
[Site "https://www.chess.com"]
[Date "2023.12.12"]
[Round "6"]
[White "Duda, Jan-Krzysztof"]
[Black "Gabuzyan, Hovhannes"]
[Result "1-0"]
[Board "8"]
[TimeControl "180+1"]
[WhiteFideId "1170546"]
[BlackFideId "13303732"]
[WhiteElo "3060"]
[BlackElo "2843"]
[WhiteTeam "POL"]
[BlackTeam "ARM"]
[WhiteClock "0:00:11"]
[BlackClock "0:00:00"]

1. e4 c5 2. Nf3 e6 3. d4 cxd4 4. Nxd4 a6 5. c4 Nf6 6. Nc3 Qc7 7. a3 b6 8. Be3 Bb7 9. f3 Nc6 10. Be2 Bc5 11. b4 Bxd4 12. Bxd4 Nxd4 13. Qxd4 e5 14. Qe3 d6 15. O-O O-O 16. Rac1 Rfc8 17. Rfd1 Bc6 18. Nb5 axb5 19. cxb5 Qb7 20. bxc6 Rxc6 21. Bb5 Rxc1 22. Rxc1 Qa7 23. Rc6 Ne8 24. a4 Nc7 25. Bc4 Ne6 26. a5 Nd4 27. Rxb6 Rc8 28. Bf1 Qc7 29. h3 h6 30. Kh2 g5 31. Qd2 Kg7 32. Ba6 Rd8 33. Rb7 Qc6 34. b5 Qc4 35. Ra7 d5 36. b6 Qc5 37. Rc7 Qd6 38. Qa2 Qf6 39. Bf1 dxe4 40. b7 exf3 41. Rc8 Qf4+ 42. Kg1 f2+ 43. Qxf2 1-0

[Event "December 12 Late 2023"]
[Site "https://www.chess.com"]
[Date "2023.12.12"]
[Round "6"]
[White "Gorovets, Andrey"]
[Black "Fedoseev, Vladimir"]
[Result "1-0"]
[Board "9"]
[TimeControl "180+1"]
[WhiteFideId "13504037"]
[BlackFideId "24130737"]
[WhiteElo "2836"]
[BlackElo "3048"]
[WhiteTeam "BLR"]
[BlackTeam "SLO"]
[WhiteClock "0:00:09"]
[BlackClock "0:00:00"]

1. Nf3 d5 2. g3 Nd7 3. d4 Nb6 4. Nc3 Nf6 5. Bg2 c6 6. O-O h6 7. Qd3 g6 8. e4 dxe4 9. Nxe4 Nxe4 10. Qxe4 Bf5 11. Qe5 Rg8 12. Qe2 Bg7 13. c4 g5 14. Rd1 e6 15. Ne5 Kf8 16. f4 Nd7 17. b3 Bf6 18. Qh5 Rg7 19. Qxh6 Nxe5 20. Ba3+ Be7 21. Bxe7+ Qxe7 22. Qh8+ Rg8 23. Qxe5 gxf4 24. Qxf4 Rd8 25. Rd2 Rg4 26. Qf2 Qg5 27. Rad1 b6 28. Rf1 Bg6 29. Bf3 Rh4 30. Bxc6 Kg7 31. Bg2 Rg4 32. h4 Qh6 33. Bf3 Rxg3+ 34. Qxg3 Qxd2 35. h5 Qxd4+ 36. Kg2 Qb2+ 37. Rf2 Qa1 38. hxg6 Rg8 39. Bh5 f5 40. Re2 Kf6 41. Qh4+ Kg7 42. Qe7+ Kh6 43. Qh7+ Kg5 44. Qxg8 Qd4 45. Qxe6 1-0

[Event "December 12 Late 2023"]
[Site "https://www.chess.com"]
[Date "2023.12.12"]
[Round "6"]
[White "Drygalov, Andrey"]
[Black "Holt, Conrad"]
[Result "1-0"]
[Board "10"]
[TimeControl "180+1"]
[WhiteFideId "24171735"]
[BlackFideId "2034387"]
[WhiteElo "2999"]
[BlackElo "2807"]
[WhiteTeam "RUS"]
[BlackTeam "USA"]
[WhiteClock "0:00:28"]
[BlackClock "0:00:05"]

1. e4 e6 2. d4 d5 3. Nd2 c5 4. exd5 Qxd5 5. Ngf3 cxd4 6. Bc4 Qd6 7. O-O Nf6 8. Nb3 Be7 9. Nbxd4 O-O 10. c3 a6 11. Bb3 b6 12. Qe2 Nc6 13. Bg5 Nxd4 14. Nxd4 Bb7 15. Rad1 Qc5 16. Bh4 Ne4 17. Bxe7 Qxe7 18. Bc2 Nd6 19. Rfe1 Rfd8 20. f3 Rac8 21. Qf2 Qf6 22. Bb3 h5 23. Nxe6 Rd7 24. Qxb6 Rc6 25. Qd4 fxe6 26. Bxe6+ Rf7 27. Qb4 Qd8 28. Bxf7+ Kxf7 29. Rxd6 Qxd6 30. Qxb7+ Kf6 31. Qa7 Rb6 32. b4 h4 33. h3 Kg6 34. Qe7 Qd2 35. Qe4+ Kf7 36. Qe3 Qd6 37. Qf2 Rc6 38. Qe3 Qf6 39. Qe8# 1-0

[Event "December 12 Late 2023"]
[Site "https://www.chess.com"]
[Date "2023.12.12"]
[Round "6"]
[White "Volodin, Aleksandr"]
[Black "Salem, A.R. Saleh"]
[Result "0-1"]
[Board "11"]
[TimeControl "180+1"]
[WhiteFideId "4501950"]
[BlackFideId "9301348"]
[WhiteElo "2801"]
[BlackElo "2995"]
[WhiteTeam "EST"]
[BlackTeam "UAE"]
[WhiteClock "0:00:00"]
[BlackClock "0:00:07"]

1. d4 Nf6 2. c4 g6 3. g3 Bg7 4. Bg2 O-O 5. Nf3 d6 6. O-O Nc6 7. d5 Na5 8. Nfd2 c5 9. Nc3 a6 10. Qc2 Rb8 11. b3 b5 12. Rb1 e5 13. Bb2 h5 14. Rbe1 h4 15. Nd1 h3 16. Bh1 Ng4 17. f3 Nh6 18. e4 f5 19. exf5 Nxf5 20. Bc3 bxc4 21. bxc4 Rb4 22. Bxb4 cxb4 23. Ne4 Nd4 24. Qd3 Nb7 25. Ne3 Bf5 26. Nxf5 gxf5 27. Nf2 Nc5 28. Qd2 a5 29. Nxh3 Na4 30. Bg2 Nc3 31. Kh1 Qc8 32. Ng5 Qxc4 33. Ne6 Nxe6 34. dxe6 Qxe6 35. f4 e4 36. Rc1 d5 37. a3 d4 38. axb4 axb4 39. Rfe1 Qf7 40. Bh3 d3 41. Qf2 Qd5 42. Qg2 b3 43. g4 d2 44. gxf5 dxc1=Q 45. Rxc1 e3 46. f6 Qxg2+ 47. Kxg2 Bxf6 48. Be6+ Kg7 49. Bxb3 Rb8 50. Bc4 Rb2+ 51. Kf3 Bd4 0-1

[Event "December 12 Late 2023"]
[Site "https://www.chess.com"]
[Date "2023.12.12"]
[Round "6"]
[White "Bortnyk, Olexandr"]
[Black "Ghasi, Ameet K"]
[Result "1-0"]
[Board "12"]
[TimeControl "180+1"]
[WhiteFideId "14120828"]
[BlackFideId "409200"]
[WhiteElo "2982"]
[BlackElo "2796"]
[WhiteTeam "UKR"]
[BlackTeam "ENG"]
[WhiteClock "0:00:44"]
[BlackClock "0:00:03"]

1. d4 Nf6 2. Nc3 d5 3. Bf4 c6 4. e3 g6 5. h4 h6 6. Nf3 Bg4 7. Qd2 Bxf3 8. gxf3 Nbd7 9. Bh3 e6 10. a3 a6 11. e4 Nh5 12. Be3 Qxh4 13. exd5 cxd5 14. Nxd5 Qd8 15. Nf4 Nxf4 16. Bxf4 Bg7 17. O-O-O Nb6 18. Kb1 Qd5 19. Qb4 Qb5 20. Qxb5+ axb5 21. Bf1 Nc4 22. Rd3 O-O-O 23. Be3 Nxe3 24. fxe3 e5 25. d5 e4 26. fxe4 Rhe8 27. Bg2 Re5 28. Rf1 Re7 29. Rb3 Be5 30. Rxb5 h5 31. c4 g5 32. Rh1 Rh8 33. c5 f6 34. d6 Rg7 35. Bf1 g4 36. Bc4 g3 37. Be6+ Kd8 38. Rg1 h4 39. Bh3 Rg5 40. Rxb7 Bxd6 41. cxd6 Rc5 42. Rb8+ Rc8 43. Rxc8# 1-0

[Event "December 12 Late 2023"]
[Site "https://www.chess.com"]
[Date "2023.12.12"]
[Round "6"]
[White "Khismatullin, Denis"]
[Black "Kozak, Antoni"]
[Result "1-0"]
[Board "13"]
[TimeControl "180+1"]
[WhiteFideId "4142578"]
[BlackFideId "21832030"]
[WhiteElo "2956"]
[BlackElo "2770"]
[WhiteTeam "RUS"]
[BlackTeam "POL"]
[WhiteClock "0:00:37"]
[BlackClock "0:00:17"]

1. e4 c5 2. Nf3 Nc6 3. Bb5 e6 4. O-O Nge7 5. Re1 Ng6 6. c3 d5 7. exd5 Qxd5 8. d4 cxd4 9. Nxd4 Bd7 10. Bf1 Nxd4 11. cxd4 Bb4 12. Nc3 Bxc3 13. bxc3 O-O 14. c4 Qd6 15. a4 Rfd8 16. Bg5 Rdc8 17. a5 Bc6 18. f3 a6 19. Qd2 Re8 20. Rad1 h6 21. Be3 Rad8 22. Qc3 Qc7 23. d5 exd5 24. cxd5 Rd6 25. dxc6 Rxc6 26. Bb6 Rxe1 27. Qxe1 Qf4 28. Rd8+ Kh7 29. Qe8 Nh4 30. Qe4+ Qxe4 31. fxe4 Ng6 32. Rd7 Ne5 33. Rxb7 Rc1 34. Bd4 Ng4 35. Rxf7 Rd1 36. Rxg7+ Kh8 37. Rxg4+ Rxd4 38. Rg6 h5 39. Rxa6 h4 40. Rh6+ Kg7 41. Rxh4 Ra4 42. a6 Kg6 43. Rf4 Kg5 44. g3 Ra2 45. h4+ Kh5 46. e5 Kg6 47. e6 Ra3 48. Kf2 Ra5 49. e7 Re5 50. a7 Rxe7 51. a8=Q Kh6 52. Qh8+ Kg6 53. Rf6# 1-0

[Event "December 12 Late 2023"]
[Site "https://www.chess.com"]
[Date "2023.12.12"]
[Round "6"]
[White "Adewumi, Tanitoluwa"]
[Black "Bok, Benjamin"]
[Result "0-1"]
[Board "14"]
[TimeControl "180+1"]
[WhiteFideId "30966396"]
[BlackFideId "1017063"]
[WhiteElo "2753"]
[BlackElo "2937"]
[WhiteTeam "USA"]
[BlackTeam "NED"]
[WhiteClock "0:00:00"]
[BlackClock "0:00:09"]

1. e4 c5 2. Nf3 d6 3. Bb5+ Nd7 4. c3 Nf6 5. Bd3 g6 6. Bc2 Bg7 7. d4 O-O 8. O-O Qc7 9. Re1 b5 10. e5 dxe5 11. dxe5 Ng4 12. e6 fxe6 13. h3 Nge5 14. Ng5 Nb6 15. f4 Nec4 16. b3 Nd6 17. Nxe6 Bxe6 18. Rxe6 b4 19. Qe2 bxc3 20. Na3 Nd5 21. g3 Nb4 22. Be3 Rae8 23. Re1 Kh8 24. g4 Qa5 25. Nc4 Nxc4 26. bxc4 Qxa2 27. Bxc5 Nxc2 28. Bxe7 Rg8 29. f5 gxf5 30. g5 Qa4 31. Qh5 Nxe1 32. g6 h6 33. Bf6 Nf3+ 34. Kg2 Qc2+ 35. Kxf3 Qd1+ 36. Kf4 Qxh5 0-1

[Event "December 12 Late 2023"]
[Site "https://www.chess.com"]
[Date "2023.12.12"]
[Round "6"]
[White "Bolourchifard, Farzad"]
[Black "Cordova, Emilio"]
[Result "0-1"]
[Board "15"]
[TimeControl "180+1"]
[WhiteFideId "12510084"]
[BlackFideId "3801497"]
[WhiteElo "2739"]
[BlackElo "2923"]
[WhiteTeam "IRI"]
[BlackTeam "PER"]
[WhiteClock "0:00:03"]
[BlackClock "0:00:36"]

1. d4 e6 2. Nf3 b6 3. c4 Bb7 4. Nc3 Bb4 5. Bd2 f5 6. e3 Nf6 7. Bd3 O-O 8. Qc2 d6 9. a3 Bxc3 10. Bxc3 Ne4 11. Nd2 Nxd2 12. Qxd2 Bxg2 13. Rg1 Be4 14. Be2 f4 15. O-O-O f3 16. Bd3 Qh4 17. Rg3 Bxd3 18. Qxd3 d5 19. Rdg1 Rf7 20. cxd5 exd5 21. e4 Qxe4 22. Qxe4 dxe4 23. d5 g6 24. h4 Rf5 25. Re1 Nd7 26. Rxe4 Raf8 27. Re7 R8f7 28. Re8+ Nf8 29. Rd8 Rd7 30. Ra8 a5 31. h5 Kf7 32. hxg6+ Nxg6 33. Rh3 h5 34. Rg3 Rdxd5 35. Rc8 Rd7 36. Rh3 h4 37. Kc2 Rf4 38. a4 Ke6 39. Kb3 Kf5 40. Rg8 Rd6 41. Rh1 Rg4 42. Re1 Rg2 43. Rg7 Rxf2 44. Rf7+ Kg4 45. Re4+ Kh3 46. Be1 Rf1 47. Bxh4 Nxh4 48. Rh7 Kg3 49. Rexh4 Rg1 50. Rh3+ Kf2 51. Rf7 Rd3+ 52. Kc4 Re3 53. Rxc7 Rc1+ 0-1

[Event "December 12 Late 2023"]
[Site "https://www.chess.com"]
[Date "2023.12.12"]
[Round "6"]
[White "Sjugirov, Sanan"]
[Black "Timmermans, Mark"]
[Result "1/2-1/2"]
[Board "16"]
[TimeControl "180+1"]
[WhiteFideId "4189302"]
[BlackFideId "1026399"]
[WhiteElo "2920"]
[BlackElo "2725"]
[WhiteTeam "HUN"]
[BlackTeam "NED"]
[WhiteClock "0:00:08"]
[BlackClock "0:01:42"]

1. e4 e5 2. Nf3 Nc6 3. Bb5 f5 4. d3 fxe4 5. dxe4 Nf6 6. O-O d6 7. Qd3 Be7 8. Bc4 Na5 9. Nc3 Nxc4 10. Qxc4 Qd7 11. Ng5 Rf8 12. f4 h6 13. Nf3 exf4 14. Bxf4 Qc6 15. Qd3 Be6 16. Nd4 Qc4 17. Nxe6 Qxe6 18. Qb5+ Kf7 19. Qxb7 Rab8 20. Qxa7 Rxb2 21. Nd5 Rxc2 22. Rae1 Nxd5 23. exd5 Qxd5 24. Rf2 Rxf2 25. Qxf2 Bf6 26. a4 Ra8 27. Qc2 Qd4+ 28. Be3 Qxa4 29. Qxc7+ Kg8 30. Qxd6 Re8 31. Qd5+ Kh7 32. Qd3+ Qe4 33. Qxe4+ Rxe4 34. Bf2 Rxe1+ 35. Bxe1 1/2-1/2

[Event "December 12 Late 2023"]
[Site "https://www.chess.com"]
[Date "2023.12.12"]
[Round "6"]
[White "Aldokhin, Ivan"]
[Black "Durarbayli, Vasif"]
[Result "0-1"]
[Board "17"]
[TimeControl "180+1"]
[WhiteFideId "24115720"]
[BlackFideId "13402935"]
[WhiteElo "2708"]
[BlackElo "2912"]
[WhiteTeam "RUS"]
[BlackTeam "AZE"]
[WhiteClock "0:00:40"]
[BlackClock "0:00:55"]

1. e4 c5 2. Nf3 d6 3. d4 cxd4 4. Nxd4 Nf6 5. Nc3 a6 6. Bc4 e6 7. Bb3 Nc6 8. Be3 Qc7 9. Qe2 Na5 10. g4 Nxb3 11. axb3 h6 12. O-O-O b5 13. f3 Bb7 14. h4 Nd7 15. g5 hxg5 16. hxg5 Rxh1 17. Rxh1 g6 18. Rh8 e5 19. Nd5 Qd8 20. Qh2 Bxd5 21. exd5 exd4 22. Bf4 Qe7 23. Bxd6 Qe1# 0-1

[Event "December 12 Late 2023"]
[Site "https://www.chess.com"]
[Date "2023.12.12"]
[Round "6"]
[White "Karacsonyi, Gellert"]
[Black "Melkumyan, Hrant"]
[Result "0-1"]
[Board "18"]
[TimeControl "180+1"]
[WhiteFideId "764620"]
[BlackFideId "13302485"]
[WhiteElo "2670"]
[BlackElo "2911"]
[WhiteTeam "HUN"]
[BlackTeam "ARM"]
[WhiteClock "0:00:02"]
[BlackClock "0:00:14"]

1. e4 e5 2. Nf3 Nc6 3. Bb5 Nf6 4. O-O Nxe4 5. d4 Nd6 6. dxe5 Nxb5 7. a4 Nbd4 8. Nxd4 d5 9. exd6 Bxd6 10. Re1+ Ne7 11. Nb5 O-O 12. Nxd6 cxd6 13. Bf4 d5 14. Nc3 Be6 15. Nb5 Qd7 16. Nd4 Rfe8 17. c3 Ng6 18. Bg3 f6 19. Qd2 Bf7 20. Rxe8+ Rxe8 21. a5 Ne5 22. b4 Nc4 23. Qd3 a6 24. Nf3 Bg6 25. Qf1 h6 26. Re1 Kh7 27. Rxe8 Qxe8 28. Qe1 Qa4 29. h3 Qc2 30. Nd4 Qe4 31. Qxe4 dxe4 32. Ne6 Bf7 33. Nc5 Bd5 34. Kf1 Nd2+ 35. Ke1 Nb1 36. c4 Bxc4 37. Nxb7 Nc3 38. Kd2 Nd5 39. Bd6 Bf1 40. Nc5 Nxb4 41. Nxe4 Nc6 42. Bc7 Bxg2 43. Nc5 Bf1 44. h4 Kg6 45. Ne6 Bc4 46. Nf4+ Kf7 47. Ke3 Ne5 48. Bb6 Bb5 49. f3 Bc6 50. Ng2 Nxf3 51. h5 Ne5 52. Nf4 Ba4 53. Kd4 Bd1 54. Bc7 Nd7 55. Kd5 Nf8 56. Kc6 Ne6 57. Nxe6 Kxe6 58. Kb6 Be2 59. Kb7 f5 60. Bb6 f4 61. Bd4 f3 62. Kb6 Kd5 63. Bf2 Ke4 64. Kc5 Bb5 65. Kd6 Kd3 66. Ke6 Ke2 67. Bd4 Be8 68. Bxg7 f2 69. Bxh6 f1=Q 0-1

[Event "December 12 Late 2023"]
[Site "https://www.chess.com"]
[Date "2023.12.12"]
[Round "6"]
[White "Rasulov, Vugar"]
[Black "Olenik Campa, Rudi"]
[Result "1-0"]
[Board "19"]
[TimeControl "180+1"]
[WhiteFideId "13402390"]
[BlackFideId "14633264"]
[WhiteElo "2896"]
[BlackElo "2631"]
[WhiteTeam "AZE"]
[BlackTeam "SLO"]
[WhiteClock "0:01:13"]
[BlackClock "0:00:01"]

1. Nf3 g6 2. c4 Bg7 3. g3 e5 4. Nc3 Ne7 5. Bg2 O-O 6. O-O d6 7. d4 exd4 8. Nxd4 Nbc6 9. e3 Ne5 10. b3 Rb8 11. Bb2 a6 12. a4 h5 13. h3 Bd7 14. Kh2 N7c6 15. Nd5 Nxd4 16. Bxd4 c5 17. Bc3 Bc6 18. Qd2 b5 19. axb5 axb5 20. f4 Nd7 21. Bxg7 Kxg7 22. Ra6 Bxd5 23. Bxd5 Rb6 24. cxb5 Qe7 25. Ra7 Qd8 26. Bc6 Nb8 27. Qd5 Qf6 28. Rf2 Rc8 29. Rb7 Rxb7 30. Bxb7 Re8 31. e4 Nd7 32. Bc6 Nb6 33. Qd2 Re7 34. Qb2 Ra7 35. e5 dxe5 36. Qxe5 Qxe5 37. fxe5 Re7 38. Re2 f6 39. exf6+ Kxf6 40. Rxe7 Kxe7 41. h4 Kf6 42. Kg2 g5 43. Be8 gxh4 44. gxh4 Ke5 45. Bxh5 Kf4 46. Be2 Kf5 47. Kf3 Kf6 48. Ke4 Nd7 49. Kd5 1-0

[Event "December 12 Late 2023"]
[Site "https://www.chess.com"]
[Date "2023.12.12"]
[Round "6"]
[White "Miranda, Rafael"]
[Black "Kovalev, Vladislav"]
[Result "1-0"]
[Board "20"]
[TimeControl "180+1"]
[WhiteFideId "130990"]
[BlackFideId "13504398"]
[WhiteElo "2610"]
[BlackElo "2893"]
[WhiteTeam "ARG"]
[BlackTeam "FID"]
[WhiteClock "0:00:59"]
[BlackClock "0:00:00"]

1. e4 e5 2. Nf3 Nc6 3. Bb5 a6 4. Ba4 Nf6 5. O-O Be7 6. d3 b5 7. Bb3 O-O 8. Nc3 d6 9. Nd5 Na5 10. Nxe7+ Qxe7 11. h3 h6 12. Re1 c5 13. c3 Nxb3 14. axb3 Bb7 15. c4 Nh7 16. Nd2 f5 17. cxb5 axb5 18. Rxa8 Bxa8 19. b4 cxb4 20. Qb3+ d5 21. exd5 Qd6 22. Nf3 Bxd5 23. Qd1 Re8 24. d4 e4 25. Ne5 Nf6 26. Bf4 Be6 27. Ng6 Qd7 28. Qd2 Nd5 29. Be5 Rc8 30. Ra1 b3 31. Ra6 Bf7 32. Bxg7 Kxg7 33. Ne5 e3 34. fxe3 Qc7 35. Kh2 Re8 36. Qf2 Rxe5 37. Qg3+ Kf8 38. dxe5 Ne7 39. Rxh6 Ng6 40. h4 1-0

[Event "December 12 Late 2023"]
[Site "https://www.chess.com"]
[Date "2023.12.12"]
[Round "6"]
[White "Rodrigue-Lemieux, Shawn"]
[Black "Osmak, Yuliia"]
[Result "1-0"]
[Board "21"]
[TimeControl "180+1"]
[WhiteFideId "2620049"]
[BlackFideId "14101602"]
[WhiteElo "2889"]
[BlackElo "2548"]
[WhiteTeam "CAN"]
[BlackTeam "UKR"]
[WhiteClock "0:00:15"]
[BlackClock "0:00:00"]

1. d4 Nf6 2. Nf3 e6 3. e3 d5 4. Bd3 b6 5. b3 Bb7 6. O-O Be7 7. Nbd2 O-O 8. Bb2 Nbd7 9. Qe2 Ne4 10. c4 f5 11. Rac1 a5 12. cxd5 exd5 13. Bb5 Rf6 14. Ne5 Nxe5 15. dxe5 Rh6 16. Nxe4 fxe4 17. Qc2 c6 18. Be2 Qd7 19. f3 exf3 20. Rxf3 Rf8 21. Rxf8+ Bxf8 22. Rf1 Bc8 23. Rf4 Be7 24. Bg4 Qd8 25. e6 Bf6 26. Bxf6 Rxf6 27. Qxc6 Rxf4 28. exf4 d4 29. e7 Qxe7 30. Qxc8+ Kf7 31. Qc4+ Kf8 32. Qc8+ Kf7 33. Qf5+ 1-0

[Event "December 12 Late 2023"]
[Site "https://www.chess.com"]
[Date "2023.12.12"]
[Round "6"]
[White "Demchenko, Anton"]
[Black "Przybylski, Wojciech"]
[Result "1-0"]
[Board "22"]
[TimeControl "180+1"]
[WhiteFideId "4160258"]
[BlackFideId "1117599"]
[WhiteElo "2883"]
[BlackElo "2586"]
[WhiteTeam "SLO"]
[BlackTeam "POL"]
[WhiteClock "0:00:07"]
[BlackClock "0:00:02"]

1. e4 e5 2. Nf3 Nc6 3. Bc4 Nf6 4. d3 Be7 5. O-O O-O 6. Re1 d6 7. a4 Bg4 8. h3 Bh5 9. c3 Qd7 10. Nbd2 Kh8 11. Nf1 Nd8 12. Ng3 Bg6 13. Bb3 c6 14. d4 Qc7 15. Nh4 Re8 16. Nhf5 Bf8 17. f3 Ne6 18. Be3 h6 19. Qd2 a5 20. Qf2 Nd7 21. Rad1 Rad8 22. Ba2 Rb8 23. Rd2 b5 24. axb5 Rxb5 25. Red1 exd4 26. cxd4 d5 27. Rc1 Qb7 28. Rdc2 a4 29. Rxc6 Rxb2 30. R6c2 a3 31. Bxd5 Qb4 32. Rxb2 axb2 33. Rb1 Rb8 34. Qc2 Qa3 35. Bf2 Nf4 36. Bc4 Rb4 37. Bf1 Qa1 38. Be1 Rb8 39. Bc3 Ba3 40. Rxa1 bxa1=Q 41. Bxa1 Nf6 42. d5 Nd7 43. Bd4 f6 44. Qc7 Rg8 45. Qxd7 h5 46. Qc7 Bc1 47. Qxc1 h4 48. Qxf4 hxg3 49. Qh4+ Bh7 50. Nxg7 Rxg7 51. Qxf6 Bg8 52. Qxg7# 1-0

[Event "December 12 Late 2023"]
[Site "https://www.chess.com"]
[Date "2023.12.12"]
[Round "6"]
[White "Bazilius, Augustinas"]
[Black "Zwirs, Nico"]
[Result "1/2-1/2"]
[Board "23"]
[TimeControl "180+1"]
[WhiteFideId "12832251"]
[BlackFideId "1036432"]
[WhiteElo "2497"]
[BlackElo "2861"]
[WhiteTeam "LTU"]
[BlackTeam "NED"]
[WhiteClock "0:00:08"]
[BlackClock "0:00:17"]

1. d4 d5 2. c4 e6 3. Nf3 Nf6 4. g3 dxc4 5. Bg2 c6 6. Ne5 Bb4+ 7. Bd2 Be7 8. e3 b5 9. Nxc6 Nxc6 10. Bxc6+ Bd7 11. Bxa8 Qxa8 12. O-O e5 13. dxe5 Bh3 14. f3 Ng4 15. Rf2 Nxf2 16. Kxf2 O-O 17. Nc3 Rd8 18. Qe2 b4 19. Ne4 Qd5 20. Rc1 Bf5 21. Rxc4 Bxe4 22. Rd4 Qxe5 23. Rxe4 Qxb2 24. Bxb4 Qxe2+ 25. Kxe2 Bf6 26. Be7 Rb8 27. Bxf6 gxf6 28. Ra4 Rb2+ 29. Kd3 Rxh2 30. Rxa7 Rh3 31. a4 Rxg3 32. a5 Rxf3 33. a6 Rf1 34. Ra8+ Kg7 35. Ke4 Ra1 36. Kf4 Ra4+ 37. e4 h5 38. a7 Kh7 39. Kf3 f5 40. exf5 Kg7 41. Kg3 Kf6 42. Rh8 Rxa7 43. Rxh5 Ra3+ 44. Kf2 Ke5 45. Rh6 f6 46. Rh5 Ke4 47. Ke2 Ra2+ 48. Kf1 Ra5 49. Kf2 Kf4 50. Ke2 Rxf5 51. Rxf5+ Kxf5 52. Kf3 Ke5 53. Ke3 f5 54. Kf3 f4 55. Kf2 Ke4 56. Ke2 f3+ 57. Kf2 Kf4 58. Kf1 Ke3 59. Ke1 Ke4 60. Kf2 Kf4 61. Kf1 Kg3 62. Kg1 Kh3 63. Kf2 Kg4 64. Kf1 Kg3 65. Kg1 f2+ 66. Kf1 Kf3 1/2-1/2

[Event "December 12 Late 2023"]
[Site "https://www.chess.com"]
[Date "2023.12.12"]
[Round "6"]
[White "Korchynskyi, Mykola"]
[Black "Xiong, Jeffery"]
[Result "0-1"]
[Board "24"]
[TimeControl "180+1"]
[WhiteFideId "34138005"]
[BlackFideId "2047640"]
[WhiteElo "2542"]
[BlackElo "3028"]
[WhiteTeam "UKR"]
[BlackTeam "USA"]
[WhiteClock "0:00:00"]
[BlackClock "0:01:21"]

1. d4 b5 2. Nf3 Bb7 3. e3 a6 4. Be2 e6 5. O-O g5 6. b3 g4 7. Ne1 h5 8. Nd2 Nf6 9. Bb2 Bh6 10. c4 Rg8 11. Nc2 h4 12. f3 h3 13. g3 gxf3 14. Bxf3 Nc6 15. Qe2 d5 16. cxb5 axb5 17. Qxb5 Qc8 18. Bc3 Nd7 19. Bxd5 exd5 20. Qxd5 Nce5 21. Qb5 Ba6 22. Qd5 Bb7 23. Qb5 Ng4 24. Qf5 Ndf6 25. Qc5 Ra6 26. Rae1 Qd7 27. Nb4 Re6 28. Nc4 Bf8 29. Qa5 Bxb4 30. Bxb4 Qc6 31. e4 Nxe4 32. Rf5 Nxg3 33. d5 Rxe1+ 34. Bxe1 Qd7 35. Rf4 Ne2+ 36. Kf1 Nxf4 37. Bg3 Nxd5 38. Qc5 Qf5+ 39. Ke1 Qb1+ 40. Kd2 Qxa2+ 41. Kc1 Qxb3 42. Bxc7 Qc3+ 43. Kb1 Qb4+ 44. Qxb4 Nxb4 45. Nd6+ Kd7 0-1

[Event "December 12 Late 2023"]
[Site "https://www.chess.com"]
[Date "2023.12.12"]
[Round "6"]
[White "Makarian, Rudik"]
[Black "Haydon, David L"]
[Result "1-0"]
[Board "25"]
[TimeControl "180+1"]
[WhiteFideId "44105681"]
[BlackFideId "415405"]
[WhiteElo "2928"]
[BlackElo "2752"]
[WhiteTeam "FID"]
[BlackTeam "ENG"]
[WhiteClock "0:00:43"]
[BlackClock "0:00:02"]

1. d4 c6 2. Nf3 d5 3. c4 Nf6 4. Nc3 e6 5. Bg5 Be7 6. e3 Nbd7 7. Bd3 b6 8. O-O Bb7 9. cxd5 cxd5 10. Qe2 a6 11. Rfc1 b5 12. a4 b4 13. Nb1 a5 14. Nbd2 O-O 15. Nb3 Qb6 16. Ne5 Bd8 17. Bxf6 Nxf6 18. Nc5 Bc8 19. Bb5 Bc7 20. f4 Bd6 21. Rc2 Ra7 22. Rac1 Rc7 23. Nb3 Bb7 24. Nc5 Rfc8 25. Nxb7 Qxb7 26. Nc6 Qb6 27. Qd3 Ne4 28. Ne5 f6 29. Bd7 Bxe5 30. Bxc8 Rxc2 31. Rxc2 b3 32. Rc1 Bb8 33. Qb5 Qxb5 34. Bxe6+ Kf8 35. axb5 a4 36. Bxd5 Nd2 37. Rc8+ Ke7 38. Rxb8 a3 39. bxa3 b2 40. Ba2 Kd6 41. a4 Ne4 42. Rc8 Nc3 43. Rc6+ 1-0

[Event "December 12 Late 2023"]
[Site "https://www.chess.com"]
[Date "2023.12.12"]
[Round "6"]
[White "Shuvalova, Polina"]
[Black "Indjic, Aleksandar"]
[Result "1-0"]
[Board "26"]
[TimeControl "180+1"]
[WhiteFideId "24171760"]
[BlackFideId "911925"]
[WhiteElo "2734"]
[BlackElo "2902"]
[WhiteTeam "RUS"]
[BlackTeam "SRB"]
[WhiteClock "0:00:23"]
[BlackClock "0:00:02"]

1. e4 c5 2. Nf3 a6 3. c3 d5 4. exd5 Qxd5 5. d4 e6 6. Be2 Nd7 7. O-O Ne7 8. c4 Qd6 9. Nc3 Nf5 10. d5 e5 11. Bd3 Nd4 12. Re1 Be7 13. Ne4 Qb6 14. Ng3 Nxf3+ 15. Qxf3 g6 16. Bh6 Bf8 17. Qe3 Qxb2 18. Bxf8 Kxf8 19. Qh6+ Ke8 20. Rab1 Qd4 21. Rbd1 Qb2 22. Re2 Qd4 23. h4 Kd8 24. Qg7 Rf8 25. Ne4 h5 26. Red2 b5 27. cxb5 c4 28. Bc2 Qb6 29. d6 axb5 30. Ng5 Ke8 31. Bxg6 c3 32. Bxf7+ 1-0

[Event "December 12 Late 2023"]
[Site "https://www.chess.com"]
[Date "2023.12.12"]
[Round "6"]
[White "Martinez Ramirez, Lennis"]
[Black "Szpar, Milosz"]
[Result "1-0"]
[Board "27"]
[TimeControl "180+1"]
[WhiteFideId "3509079"]
[BlackFideId "1184989"]
[WhiteElo "2718"]
[BlackElo "2882"]
[WhiteTeam "CUB"]
[BlackTeam "POL"]
[WhiteClock "0:00:07"]
[BlackClock "0:00:01"]

1. Nf3 d5 2. g3 Bg4 3. Bg2 Bxf3 4. Bxf3 c6 5. d3 e6 6. O-O Nd7 7. Nd2 Bd6 8. e4 Ne7 9. Bg2 O-O 10. f4 f5 11. e5 Bc5+ 12. Kh1 Be3 13. c3 c5 14. a4 Rc8 15. Qe2 Bxd2 16. Bxd2 Qb6 17. Rfb1 c4 18. Be3 Qa6 19. dxc4 Rxc4 20. Bf1 Qa5 21. Qd1 Rcc8 22. Qb3 Qc7 23. Bxa7 b6 24. Qb4 Kf7 25. Ba6 Ra8 26. Bxb6 Nxb6 27. Bb5 Rfb8 28. Qd4 Rc8 29. Rc1 Nc6 30. Qf2 Na5 31. Rg1 Qc5 32. Qf3 Nb3 33. Rad1 Nxa4 34. g4 Qxb5 35. gxf5 exf5 36. Qh5+ Kg8 37. Rxg7+ Kxg7 38. Rg1+ Kh8 39. Qh6 Rf8 40. Qg7# 1-0